 Dungeon Crawl Stone Soup version 0.31-a0-7-g51783674b7 (webtiles) character file.

Game seed: 12460105166497990144

196 Dittersdorf the Trooper (level 5, -3/34 HPs)
             Began as a Gargoyle Fighter on May 5, 2023.
             Killed from afar by an orc wizard (7 damage)
             ... with a puff of flame
             ... on level 3 of the Dungeon.
             The game lasted 00:02:05 (2620 turns).

Dittersdorf the Trooper (Gargoyle Fighter)          Turns: 2620, Time: 00:02:05

Health: -3/34      AC: 14    Str: 22    XL:     5   Next: 74%
Magic:  5/5        EV:  9    Int:  8    God:
Gold:   197        SH:  4    Dex:  9    Spells: 4/4 levels left

rFire   . . .        a - +0 flail
rCold   . . .        c - +0 buckler
rNeg    + . .        b - +0 scale mail
rPois   ∞            (no helmet)
rElec   +            l - +2 cloak {Stlth+}
rCorr   .            (no gloves)
SInv    .            (no boots)
Will    .....        r - amulet of faith
Stlth   +            (no ring)
HPRegen 0.25/turn    (no ring)
MPRegen 0.09/turn

%: faith
@: no status effects
A: sickness immunity, AC +4, negative energy resistance 1, electricity
resistance, torment resistance 1, petrification resistance
a: no special abilities


You were on level 3 of the Dungeon.
You visited 1 branch of the dungeon, and saw 3 of its levels.

You collected 197 gold pieces.

Inventory:

Hand Weapons
 a - a +0 flail (weapon)
Missiles
 f - 2 poisoned darts (quivered)
Armour
 b - a +0 scale mail (worn)
 c - a +0 buckler (worn)
 l - a +2 cloak of stealth (worn)
Jewellery
 r - an amulet of faith (around neck)
Scrolls
 e - a scroll of brand weapon {unknown}
 g - a scroll of summoning {unknown}
 j - 3 scrolls of noise {unknown}
 m - a scroll of teleportation {unknown}
 p - a scroll of fog {unknown}
 q - a scroll of enchant armour {unknown}
 s - a scroll of identify {unknown}
Potions
 d - a potion of might
 h - a potion of flight {unknown}
 i - a potion of curing {unknown}
 k - a potion of cancellation {unknown}
 n - 2 potions of mutation {unknown}
 o - a potion of lignification {unknown}


   Skills:
 + Level 4.4 Fighting
 + Level 3.3 Maces & Flails
 + Level 4.3 Armour
 + Level 4.4 Shields


You had 4 spell levels left.
You didn't know any spells.
Your spell library was empty.

Dungeon Overview and Level Annotations

Branches:
Dungeon (3/15)

Altars:
Sif Muna

Annotations:
D:3 3 runed translucent doors, BlasphemerAmon's ghost, weakling DESu


Innate Abilities, Weirdness & Mutations

You are immune to sickness and miasma.
Your stone body is resilient. (AC +4)
You are immune to poison.
You resist negative energy. (rN+)
You are resistant to electric shocks. (rElec)
You are resistant to unholy torment.
You are immune to petrification.


Message History

You sock the orc priest!
You kill the orc priest!
Something hits you but does no damage.
You closely miss something. BlasphemerAmon's ghost stares at you.
Something hits you. The orc hits you with a +0 hand axe.
* * * LOW HITPOINT WARNING * * *
Something hits you but does no damage. The orc barely misses you.
You miss something. You block something's attack.
The orc hits you but does no damage.
You sock the orc!
You kill the orc!
You hear some strange, mumbled words.
A magic dart appears from out of thin air!
The magic dart hits you but does no damage.
You closely miss the orc. Something hits you but does no damage.
The orc hits you but does no damage. The orc barely misses you.
Something hits you but does no damage.
You closely miss the orc. Something hits you but does no damage.
The orc barely misses you.
You hit the orc.
The orc is severely wounded.
Something hits you.
* * * LOW HITPOINT WARNING * * *
The orc hits you with a +0 flail.
* * * LOW HITPOINT WARNING * * *
You hit the orc but do no damage.
The orc is severely wounded.
Something hits you but does no damage. You block the orc's attack.
You barely miss the orc.
The orc is severely wounded.
Something hits you but does no damage. The orc hits you with a +0 flail.
* * * LOW HITPOINT WARNING * * *
Something hits you but does no damage. The orc barely misses you.
You hit the orc.
You kill the orc!
You hear some strange, mumbled words.
A puff of flame appears from out of thin air!
The puff of flame hits you!
You die...

.......#......#.....#
....................#
...###..###.........#
....................#
.#..##.#.#..#.......#
...........##.......#
....................#
...........##..{.####
...#.....#######@#
...#.....# #W#)#
.........# ..ZZ#..
...#)....##(.ZZ+..#
...#.....#.!...+... .
.#.....##....+..#.
#.....#.....#....
####.#...#.#.#.##.. .
..##.#<..##


You could see BlasphemerAmon's ghost, a centaur zombie, a bullfrog skeleton and
2 howler monkey skeletons.

Vanquished Creatures
  An orc priest (D:3)
  Crazy Yiuf (D:2)
  Jessica (D:3)
  5 adders
  A worm (D:2)
  A dart slug (D:1)
  5 orcs
  A ball python (D:2)
  7 endoplasms
  2 giant cockroaches (D:1)
  3 goblins
  2 hobgoblins (D:1)
  10 jackals
  A quokka (D:1)
  3 bats
  4 frilled lizards
  8 kobolds
  4 rats
60 creatures vanquished.

Notes
Turn   | Place    | Note
-------+----------+-------------------------------------------
     0 | D:1      | Dittersdorf the Gargoyle Fighter began the quest for the
                  | Orb.
     0 | D:1      | Reached XP level 1. HP: 14/14 MP: 1/1
    39 | D:1      | Reached XP level 2. HP: 12/19 MP: 2/2
   268 | D:1      | Reached XP level 3. HP: 23/23 MP: 3/3
   563 | D:1      | Found a faded altar of an unknown god.
  1156 | D:2      | Reached XP level 4. HP: 29/29 MP: 4/4
  1618 | D:2      | Found a runed translucent door.
  1619 | D:2      | Noticed Crazy Yiuf
  1858 | D:2      | Killed Crazy Yiuf
  2303 | D:3      | Noticed Jessica
  2309 | D:3      | Found a shimmering blue altar of Sif Muna.
  2338 | D:3      | Killed Jessica
  2339 | D:3      | Reached XP level 5. HP: 4/33 MP: 5/5
  2596 | D:3      | Found a runed translucent gate.
  2597 | D:3      | Found a runed translucent gate.
  2598 | D:3      | Found a runed translucent gate.
  2604 | D:3      | Noticed BlasphemerAmon's ghost (weakling DESu)
  2620 | D:3      | Killed from afar by an orc wizard

Illustrated notes

Levels and vault maps discovered:
D:1:      dpeg_arrival_rooms_a, layout_rooms, shapermc_ecumenical_altar_ellora,
          patterned_corridor
D:2:      layout_basic, uniq_crazy_yiuf_cottage
D:3:      layout_rooms, tgw_sif, gammafunk_ghost_necromancy,
          grunt_decor_arrowhead, st_stairs_4

Skill      XL: |  1  2  3  4 |
---------------+-------------+-----
Shields        | 4 |  4.4
Fighting       | 4 |  4.4
Armour         | 4 |  4.3
Maces & Flails | 3 |  3.3

Action                     |  1- 3 |  4- 6 || total
---------------------------+-------+-------++-------
  Melee: Flail             |   110 |   110 ||   220
 Armour: Scale mail        |    70 |    84 ||   154
  Dodge: Dodged            |    60 |    73 ||   133
  Block: Buckler           |    33 |    38 ||    71

Table legend: (Time is in decaauts)
 A = Elapsed time spent in this place.
 B = Non-inter-level travel time spent in this place.
 C = Inter-level travel time spent in this place.
 D = Time resting spent in this place.
 E = Time spent auto-exploring this place.
 F = Levels seen in this place.
 G = Mean time per level.
                   A        B        C        D        E       F      G
               +--------+--------+--------+--------+--------+-----+--------+
         Total |   2690 |   2534 |    156 |    148 |   1893 |   3 |  896.7 |
       Dungeon |   2690 |   2534 |    156 |    148 |   1893 |   3 |  896.7 |
               +--------+--------+--------+--------+--------+-----+--------+

Top non-repeatable levels by time:
     D:2: 1182 daAuts
     D:1: 826 daAuts
     D:3: 681 daAuts
